 Dungeon Crawl Stone Soup version 0.28.0-49-g6dfe1f597d (webtiles) character file.

Game seed: 4359428743477593150

105 KamiKatze the Conjurer (level 4, 0/27 HPs)
             Began as an Octopode Conjurer on May 17, 2022.
             Killed by nerve-wracking pain
             ... invoked by Grinder
              (12 damage)
             ... on level 3 of the Dungeon.
             The game lasted 00:10:40 (2943 turns).

KamiKatze the Conjurer (Octopode Conjurer)          Turns: 2943, Time: 00:10:41

Health: 0/27       AC:  1    Str:  1    XL:     4   Next: 83%
Magic:  1/8        EV: 13    Int: 22    God:
Gold:   69         SH:  0    Dex: 10    Spells: 1/8 levels left

rFire   . . .      SeeInvis +   a - +0 short sword
rCold   . . .      Faith    .   (no shield)
rNeg    . . .      Spirit   .   (helmet restricted)
rPois   +          Reflect  .   (no amulet)
rElec   .          Harm     .   l - ring "Dauwia" {Wiz rPois Will+ Str-5 SInv}
rCorr   .          Rampage  .   (no ring)
Will    +....                   (no ring)
Stlth   +++.......              (no ring)
HPRegen 0.09/turn               (no ring)
MPRegen 0.11/turn               (no ring)
                                (no ring)
                                (no ring)

@: no status effects
A: almost no armour, amphibious, 8 rings, camouflage 1, gelatinous body 1,
(nimble swimmer 1), tentacles
a: no special abilities


You were on level 3 of the Dungeon.
You visited 1 branch of the dungeon, and saw 3 of its levels.

You collected 108 gold pieces.
You spent 39 gold pieces at shops.

Inventory:

Hand Weapons
 a - a +0 short sword (weapon)
Missiles
 f - 63 stones (quivered)
Jewellery
 l - the ring "Dauwia" (left tentacle) {Wiz rPois Will+ Str-5 SInv}
   (You found it on level 3 of the Dungeon)

   [ring of wizardry]

   It improves your spell success rate.
   Str:       It affects your strength (-5).
   rPois:     It protects you from poison.
   SInv:      It lets you see invisible.
   Will:      It increases your willpower.
Scrolls
 b - a scroll of magic mapping {unknown}
 d - 4 scrolls of identify {unknown}
 e - 2 scrolls of immolation {unknown}
 i - 2 scrolls of teleportation {unknown}
 j - a scroll of fog {unknown}
Potions
 c - a potion of invisibility {unknown}
 g - a potion of haste {unknown}
 h - a potion of mutation {unknown}
 k - a potion of curing


   Skills:
 + Level 2.3 Dodging
 - Level 3.0 Stealth
 * Level 2.7 Spellcasting
 * Level 4.4 Conjurations
 * Level 2.0 Hexes
 * Level 1.6 Translocations


You had one spell level left.
You knew the following spells:

 Your Spells              Type           Power      Damage    Failure   Level
a - Magic Dart            Conj           88%        1d7       1%          1
b - Searing Ray           Conj           44%        2d6       1%          2
c - Fulminant Prism       Conj/Hex       8%         3d7       14%         4

Your spell library contained the following spells:

 Spells                   Type           Power      Damage    Failure   Level
 Dazzling Flash           Conj/Hex       34%        N/A       4%          3
 Iskenderun's Mystic Bla  Conj/Tloc      16%        2d5       16%         4


Dungeon Overview and Level Annotations

Branches:
Dungeon (3/15)

Altars:

Shops:
D:3 !

Annotations:
D:3 Grinder


Innate Abilities, Weirdness & Mutations

You cannot wear most types of armour.
You are amphibious.
You can wear up to eight rings at the same time.
Your skin changes colour to match your surroundings (Stealth+).
Your rubbery body absorbs attacks. (AC +1, EV +1)
((You are camouflaged when in or above water. (Stealth+)))
You have tentacles for arms and can constrict up to eight enemies at once.


Message History

You constrict Grinder, but do no damage.
Grinder gestures at you.
You easily resist.
You hit Grinder but do no damage. You squeeze Grinder.
Grinder is severely wounded.
You constrict Grinder.
Grinder drinks a potion.
Grinder is healed!
You barely miss Grinder.
Grinder is heavily wounded.
You constrict Grinder, but do no damage.
Grinder closely misses you.
You hit Grinder but do no damage. You squeeze Grinder!
Grinder is severely wounded.
You constrict Grinder, but do no damage.
Grinder says, "Wait up."
Grinder barely misses you. Grinder gestures at you.
You resist with some effort.
You hit Grinder.
Grinder is severely wounded.
You constrict Grinder, but do no damage.
Grinder hits you!
You writhe in agony.
You hit Grinder. Your squeeze misses Grinder.
Grinder is almost dead.
You constrict Grinder, but do no damage.
Grinder says, "FISH!"
Grinder gestures at you.
You suddenly lose the ability to move!
You lose your grip on Grinder.
Grinder hits you. x2
* * * LOW HITPOINT WARNING * * *
You can move again.
Casting: Searing Ray (safe; 1% risk of failure)
Confirm with . or Enter, or press ? or * to list all spells.
Aiming: Magic Dart (safe; 1% risk of failure)
Press: ? - help, Shift-Dir - straight line, f/p - Grinder
Aim: Grinder (almost dead, 100% to hit)
The magic dart hits Grinder.
Grinder is almost dead.
Grinder gestures at you. Pain shoots through your body!
You die...

........##########.#
)...##..##########.#
....##.......(...#.#
....##.#########.#.#
.#####.# #.#.#
.##....# #.#.#
....############.#.#
.#............##)#.#
###.#########.##@#.#
#.# #.##5#.## #.#
#.......###### #.#
#####............# #.#
#........#..####.#
###.# #.###.####..##
#.# ....# #.#.#.#
#...# #.#
#########..#..#####..#
#.#
#........###........#
#.#


You could see Grinder.

Vanquished Creatures
  4 adders
  2 worms
  A dart slug (D:1)
  4 bats
  8 endoplasms
  2 giant cockroaches
  6 goblins
  5 hobgoblins
  4 jackals (D:1)
  3 quokkas (D:1)
  5 ball pythons
  6 frilled lizards
  7 kobolds
  2 rats (D:2)
59 creatures vanquished.

Notes
Turn   | Place    | Note
-------+----------+-------------------------------------------
     0 | D:1      | KamiKatze the Octopode Conjurer began the quest for the
                  | Orb.
     0 | D:1      | Reached XP level 1. HP: 11/11 MP: 3/3
   274 | D:1      | Reached XP level 2. HP: 15/17 MP: 1/5
   277 | D:1      | Learned a level 2 spell: Searing Ray
   644 | D:1      | Reached XP level 3. HP: 21/21 MP: 4/6
   759 | D:1      | Reached skill level 1 in Hexes
   759 | D:1      | Reached skill level 1 in Translocations
  1337 | D:1      | Reached XP level 4. HP: 27/27 MP: 1/7
  1749 | D:2      | Found a faded altar of an unknown god.
  2116 | D:3      | Learned a level 4 spell: Fulminant Prism
  2197 | D:3      | Found Keuduess's Distillery.
  2206 | D:3      | Bought a potion of curing for 39 gold pieces
  2238 | D:3      | Noticed Grinder
  2376 | D:3      | Identified the ring "Dauwia" {Wiz rPois Will+ Str-5 SInv}
  2940 | D:3      | Paralysed by Grinder for 3 turns
  2943 | D:3      | Killed from afar by Grinder

Illustrated notes

Levels and vault maps discovered:
D:1:      dpeg_arrival_three_smaller_balls, layout_basic,
          hangedman_decor_points, supply_closet_lemuel
D:2:      layout_rooms, ebering_ecumenical_altar_mist
D:3:      layout_loops_ring, serial_shops, nicolae_shop_crystal,
          nicolae_concentric_dashed_squares_mild, uniq_grinder

Skill      XL: |  1  2  3  4 |
---------------+-------------+-----
Stealth        | 3 |  3.0
Hexes          | 1 2 |  2.0
Translocations | 1 |  1.6
Dodging        | |  2.3
Spellcasting   | |  2.7
Conjurations   | |  4.4

Action                   |  1- 3 |  4- 6 || total
-------------------------+-------+-------++-------
Melee: Short sword       |    12 |    24 ||    36
       Constrict         |     4 |     3 ||     7
       Tentacles         |     1 |     3 ||     4
       Punch             |       |     1 ||     1
 Cast: Magic Dart        |    45 |    41 ||    86
       Searing Ray       |     4 |     7 ||    11
 Stab: Distracted        |     1 |       ||     1
Armor: Skin              |     3 |     2 ||     5
Dodge: Dodged            |     9 |    18 ||    27
